 Dungeon Crawl Stone Soup version 0.28.0-47-ge53b351184 (webtiles) character file.

Game seed: 8767248183482162394

5712 pkoi the Destroyer (level 10, -1/73 HPs)
             Began as a Demigod Conjurer on May 9, 2022.
             Slain by a centaur warrior (3 damage)
             ... on level 9 of the Dungeon.
             The game lasted 00:20:13 (20657 turns).

pkoi the Destroyer (Demigod Conjurer)              Turns: 20657, Time: 00:20:14

Health: -1/73      AC: 11    Str:  8    XL:     10   Next: 24%
Magic:  20/20      EV: 12    Int: 38    God:
Gold:   397        SH:  0    Dex: 12    Spells: 2/18 levels left

rFire   . . .      SeeInvis .   u - staff of air
rCold   . . .      Faith    .   (no shield)
rNeg    . . .      Spirit   .   C - +2 steam dragon scales
rPois   .          Reflect  .   p - +0 helmet
rElec   +          Harm     .   j - +0 cloak
rCorr   .          Rampage  .   o - +0 pair of gloves
Will    +....      Rage     1%  f - +0 pair of boots
Stlth   ++........              (no amulet)
HPRegen 0.22/turn               z - +6 ring of intelligence
MPRegen 0.17/turn               l - ring of wizardry

@: no status effects
A: high MP 1, forlorn, divine attributes, berserk 1, screaming 1
a: no special abilities


You were on level 9 of the Dungeon.
You visited 1 branch of the dungeon, and saw 9 of its levels.
You also visited: Sewer.

You collected 447 gold pieces.
You spent 50 gold pieces at shops.

Inventory:

Hand Weapons
 b - a +1 dagger
 r - a +2 dagger
 t - a +0 dagger
Missiles
 q - a throwing net
 x - 10 poisoned darts
Armour
 f - a +0 pair of boots (worn)
 j - a +0 cloak (worn)
 o - a +0 pair of gloves (worn)
 p - a +0 helmet (worn)
 s - a +2 robe of willpower
 C - +2 steam dragon scales (worn)
Magical Staves
 c - a staff of fire
 u - a staff of air (weapon)
Jewellery
 l - a ring of wizardry (right hand)
 v - a ring of ice
 z - a +6 ring of intelligence (left hand)
Wands
 k - a wand of charming (10)
 y - a wand of flame (3)
 B - a wand of iceblast (3)
Scrolls
 d - 2 scrolls of teleportation
 w - 6 scrolls of identify
 D - a scroll of silence {unknown}
Potions
 a - a potion of haste
 e - a potion of lignification
 g - a potion of attraction
 h - 5 potions of heal wounds
 i - a potion of magic
 m - 2 potions of curing
 A - a potion of ambrosia
Miscellaneous
 n - a condenser vane (inert)


   Skills:
 + Level 2.1 Fighting
 + Level 2.1 Armour
 + Level 2.9 Dodging
 - Level 1.7 Stealth
 + Level 4.7 Spellcasting
 * Level 11.9 Conjurations
 + Level 4.5 Hexes
 - Level 3.0 Translocations
 + Level 1.7 Air Magic


You had 2 spell levels left.
You knew the following spells:

 Your Spells              Type           Power      Damage    Failure   Level
a - Magic Dart            Conj           100%       1d8       1%          1
b - Searing Ray           Conj           100%       2d8       1%          2
c - Iskenderun's Mystic   Conj/Tloc      60%        2d13      1%          4
d - Fulminant Prism       Conj/Hex       32%        3d16      1%          4
e - Lightning Bolt        Conj/Air       37%        1d56      2%          5

Your spell library contained the following spells:

 Spells                   Type           Power      Damage    Failure   Level
 Sandblast                Erth           16%        2d6       1%          1
 Static Discharge         Conj/Air       75%        N/A       1%          2
 Passwall                 Tmut/Erth      6%         N/A       2%          2
 Sublimation of Blood     Necr           8%         N/A       2%          2
 Wereblood                Tmut           8%         N/A       2%          2
 Dazzling Flash           Conj/Hex       100%       N/A       1%          3
 Gell's Gravitas          Tloc           32%        N/A       1%          3
 Portal Projectile        Hex/Tloc       74%        N/A       1%          3
 Stone Arrow              Conj/Erth      100%       3d13      1%          3
 Teleport Other           Tloc           32%        N/A       1%          3
 Hailstorm                Conj/Ice       53%        3d12      1%          4
 Airstrike                Air            16%        N/A       7%          4
 Summon Lightning Spire   Summ/Air       23%        N/A       10%         4
 Ice Form                 Ice/Tmut       8%         N/A       14%         4
 Blade Hands              Tmut           4%         N/A       34%         5
 Excruciating Wounds      Necr           4%         N/A       34%         5
 Dispersal                Tloc           16%        N/A       50%         6
 Simulacrum               Ice/Necr       4%         N/A       88%         6
 Summon Hydra             Summ           4%         N/A       100%        7
 Maxwell's Capacitive Co  Air            16%        ∞         100%        8


Dungeon Overview and Level Annotations

Branches:
Dungeon (9/15)             Temple (0/1) D:5            Lair (0/6) D:8
  Sewer (visited)
    Orc: D:9-12

Shops:
D:5 *

Annotations:
D:3 3 runed translucent doors, Cruo's ghost, weakling MiCK; bobregger's ghost, amateur OgBe
D:7 1 runed translucent door


Innate Abilities, Weirdness & Mutations

You have an increased reservoir of magic. (+10% MP)
You shall have no god before yourself.
Your divine heritage dramatically boosts your attributes as you level up.
You tend to lose your temper in combat.
You occasionally shout uncontrollably at your foes.


Message History

There is an open door here.
Things that are here:
a +0 plate armour; a +0 hand axe
There is a broken door here.
Found a stone staircase leading down.
Found a ring of wizardry.
There is an open door here.
There is an open door here.
You open the door.
You see here a ring of wizardry.
There is an open door here.
You now have 397 gold pieces (gained 10).
You open the door.
Found a potion of mutation.
Found a stone staircase leading up.
There is an open door here.
A centaur warrior comes into view.
The centaur warrior shouts!
The centaur warrior wields a +0 longbow.
The centaur warrior shoots an arrow.
The arrow hits you!!
* * * LOW HITPOINT WARNING * * *
A centaur warrior is nearby!
A centaur warrior is nearby!
Clouds of poison gas condense around you!
The condenser dries out!
The centaur warrior is engulfed in poison gas.
The centaur warrior is poisoned.
The centaur warrior looks even sicker.
The centaur warrior shoots an arrow.
The arrow hits you!
* * * LOW HITPOINT WARNING * * *
The centaur warrior shoots an arrow.
The arrow hits you!!
* * * LOW HITPOINT WARNING * * *
There is an open door, spattered with blood here.
You close the door.
Unknown command.
You start resting.
The centaur warrior shoots an arrow.
The arrow hits you!
* * * LOW HITPOINT WARNING * * *
The centaur warrior unwields a +0 longbow.
The centaur warrior hits you.
You die...

##....####
#######.
#........#
#.......
#........#
#.......
#.!......+
##.......
#........#
.........
#........#
#.......
#.......<#
#.....<.
#..c.....#
#.......
###@######
#......)
#.#
########
#.## #
#..# #
##.# # #.#
# #.# ####
#.# #...
#.## #.>.


You could see a centaur warrior (poisoned).

Vanquished Creatures
  Joseph (D:7)
  Maggie (D:8)
  A troll (D:7)
  A hornet (D:8)
  A wyvern (D:8)
  Menkaure (D:7)
  A steam dragon (D:8)
  Edmund (D:5)
  4 water moccasins
  A sky beast (D:7)
  5 orc warriors
  An ice beast (D:8)
  3 black bears (D:7)
  A necrophage (D:5)
  2 centaurs
  3 ogres
  A phantom (D:7)
  Blork the orc (D:5)
  4 bullfrogs
  2 gnoll sergeants
  A wyvern zombie (D:7)
  A water moccasin skeleton (D:4)
  13 killer bees
  A wight (D:6)
  A bullfrog zombie (D:7)
  3 centaur zombies (D:5)
  A hound (D:6)
  A gnoll shaman (D:8)
  A bullfrog skeleton (D:7)
  6 orc priests
  2 centaur skeletons
  8 iguanas
  6 orc wizards
  A killer bee zombie (D:7)
  2 howler monkey zombies
  11 gnolls
  11 adders
  2 shadow imps
  A white imp (D:8)
  An ufetubus (D:6)
  3 worms (D:3)
  3 dart slugs
  17 orcs
  11 ball pythons
  4 endoplasms
  9 giant cockroaches
  6 goblins
  8 hobgoblins
  4 jackals (D:4)
  2 kobolds (D:1)
  7 quokkas
  8 bats
  10 frilled lizards
  6 rats
208 creatures vanquished.

Vanquished Creatures (others)
  A killer bee (D:7)
  35 fulminant prisms
  5 withered plants (D:3)
41 creatures vanquished.

Grand Total: 249 creatures vanquished

Notes
Turn   | Place    | Note
-------+----------+-------------------------------------------
     0 | D:1      | pkoi the Demigod Conjurer began the quest for the Orb.
     0 | D:1      | Reached XP level 1. HP: 14/14 MP: 5/5
   363 | D:1      | Reached skill level 4 in Conjurations
   446 | D:1      | Reached XP level 2. HP: 5/20 MP: 2/7
   809 | D:1      | Learned a level 2 spell: Searing Ray
  1652 | D:2      | Reached XP level 3. HP: 26/26 MP: 6/8
  2045 | D:2      | Reached skill level 5 in Conjurations
  2611 | D:2      | Reached XP level 4. HP: 33/33 MP: 6/9
  2883 | D:3      | Found a glowing drain.
  2896 | Sewer    | Entered a sewer
  3650 | Sewer    | Noticed a bullfrog
  3650 | Sewer    | Noticed a bullfrog
  3659 | Sewer    | Killed a bullfrog
  3660 | Sewer    | Reached skill level 6 in Conjurations
  3660 | Sewer    | Reached XP level 5. HP: 26/38 MP: 2/10
  4218 | D:3      | Found a runed translucent gate.
  4219 | D:3      | Found a runed translucent gate.
  4220 | D:3      | Found a runed translucent gate.
  4221 | D:3      | Noticed Cruo's ghost (weakling MiCK)
  4221 | D:3      | Noticed bobregger's ghost (amateur OgBe)
  4229 | D:3      | Learned a level 4 spell: Iskenderun's Mystic Blast
  5254 | D:4      | Reached skill level 1 in Translocations
  5254 | D:4      | Reached XP level 6. HP: 35/45 MP: 0/11
  6007 | D:4      | Reached skill level 7 in Conjurations
  6607 | D:5      | Entered Level 5 of the Dungeon
  6866 | D:5      | Gained mutation: You tend to lose your temper in combat.
                  | [potion of mutation]
  6866 | D:5      | Gained mutation: You occasionally shout uncontrollably at
                  | your foes. [potion of mutation]
  7562 | D:5      | Found a staircase to the Ecumenical Temple.
  7929 | D:5      | Reached XP level 7. HP: 48/50 MP: 4/13
  8038 | D:5      | Noticed Blork the orc
  8046 | D:5      | Killed Blork the orc
  8492 | D:5      | Reached skill level 8 in Conjurations
  8677 | D:5      | Found Kupeaq's CLEARANCE SALE!.
  8682 | D:5      | Bought a potion of haste for 50 gold pieces
  8834 | D:5      | Noticed Edmund
  9037 | D:5      | Killed Edmund
  9515 | D:6      | Reached skill level 9 in Conjurations
  9906 | D:6      | Reached XP level 8. HP: 57/57 MP: 9/14
 10665 | D:6      | Reached skill level 10 in Conjurations
 10842 | D:6      | Learned a level 4 spell: Fulminant Prism
 10868 | D:7      | Noticed Menkaure
 10879 | D:7      | Killed Menkaure
 10880 | D:7      | Reached skill level 1 in Hexes
 12020 | D:7      | Noticed Joseph
 12232 | D:7      | Reached XP level 9. HP: 48/61 MP: 7/17
 13870 | D:7      | Found a runed translucent door.
 13940 | D:7      | Reached skill level 11 in Conjurations
 14802 | D:7      | Killed Joseph
 15918 | D:7      | Reached skill level 1 in Fighting
 16071 | D:7      | Learned a level 5 spell: Lightning Bolt
 16107 | D:7      | Reached skill level 1 in Armour
 16434 | D:8      | Found a staircase to the Lair.
 16453 | D:8      | Noticed Maggie
 16463 | D:8      | Killed Maggie
 17670 | D:8      | Reached XP level 10. HP: 72/72 MP: 11/20
 17830 | D:8      | Reached skill level 1 in Air Magic
 20648 | D:9      | Noticed a centaur warrior
 20656 | D:9      | HP: 2/73 [centaur warrior/arrow (13)]
 20657 | D:9      | Slain by a centaur warrior

Illustrated notes

Levels and vault maps discovered:
D:1:      scummos_arrival_simple_fountains, layout_loops_ring,
          minmay_shallow_snake_nest
D:2:      minmay_evil_eye, layout_rooms, grunt_ministairs_5,
          chequers_serial_rivers_small_a
D:3:      layout_rooms, gammafunk_ghost_cemetery,
          shapermc_ecumenical_altar_venn, portal_sewer_entry_d
D:4:      layout_basic, nicolae_concentric_dashed_squares_wild, hex_intersection
D:5:      layout_basic, minmay_temple_entry_sparse_star,
          minmay_misc_feat_rugged, nicolae_shop_clearance, uniq_blork_the_orc,
          uniq_edmund
D:6:      layout_basic
D:7:      cheibrodos_barr_body, layout_loops_ring,
          nicolae_overflow_crystal_walls, lightli_church_of_beogh, uniq_joseph,
          uniq_menkaure
D:8:      layout_basic, nemelex_spade_bored_becter,
          mainiacjoe_overflow_tiny_flanked, lemuel_round_altar,
          lair_entry_dummy, chequers_avenue, uniq_maggie
D:9:      layout_roguey [special_room_bee], minivault_5, eino_tiny_chamber

Skill      XL: |  1  2  3  4  5  6  7  8  9 10 |
---------------+-------------------------------+-----
Conjurations   | 4 5 6 7 9 10 11 | 11.9
Translocations | 1 2 3 |  3.0
Spellcasting   | 2 3 4 |  4.7
Hexes          | 2 4 |  4.5
Dodging        | 2 |  2.9
Fighting       | 1 2 |  2.1
Armour         | 1 2 |  2.1
Air Magic      | 1 |  1.7
Stealth        | |  1.7

Action                   |  1- 3 |  4- 6 |  7- 9 | 10-12 || total
-------------------------+-------+-------+-------+-------++-------
Melee: Staff             |     1 |     4 |     5 |     1 ||    11
 Cast: Magic Dart        |    87 |   179 |    61 |    16 ||   343
       Searing Ray       |       |     3 |    24 |       ||    27
       Iskenderun's Myst |       |       |    58 |    20 ||    78
       Fulminant Prism   |       |       |    23 |    12 ||    35
Evoke: Wand              |       |       |     3 |       ||     3
       Condenser vane    |       |       |       |     1 ||     1
  Use: Scroll            |       |     8 |     4 |       ||    12
       Potion            |       |     5 |       |       ||     5
Armor: Robe              |     2 |    13 |    39 |       ||    54
       Steam dragon scal |       |       |       |     6 ||     6
Dodge: Dodged            |    12 |    37 |    84 |     5 ||   138
